 Dungeon Crawl Stone Soup version 0.31-a0-662-g684573625c (webtiles) character file.

Game seed: 18147465043649480402

17838 Joey1 the Grappler (level 12, -7/123 HPs)
             Began as a Troll Shapeshifter on Aug 31, 2023.
             Was a High Priest of Okawaru.
             Mangled by an orc knight
             ... wielding a +0 long sword
              (36 damage)
             ... on level 2 of the Orcish Mines.
             The game lasted 00:45:54 (11041 turns).

Joey1 the Grappler (Troll Shapeshifter)            Turns: 11041, Time: 00:45:55

Health: -7/123     AC:  4    Str: 29    XL:     12   Next: 22%
Magic:  13/13      EV: 11    Int:  6    God:    Okawaru [*****.]
Gold:   848        SH:  0    Dex:  9    Spells: 11/11 levels left

rFire   . .          .
                       - Unarmed
rCold   . . .        (no shield)
rNeg    . . .        a - +0 animal skin
rPois   +            (helmet currently unavailable)
rElec   .            (cloak currently unavailable)
rCorr   .            (gloves unavailable)
SInv    .            (boots unavailable)
Will    +....        (no amulet)
Stlth   +            l - ring of poison resistance
HPRegen 1.20/turn    E - ring of willpower
MPRegen 0.13/turn

%: no passive effects
@: beast-form
A: beast (slay +4), large, unfitting armour, claws 3, regeneration 1, shaggy fur
1, tough skin 1
a: Begin Untransformation, Renounce Religion, Heroism, Finesse, Duel


You were on level 2 of the Orcish Mines.
You worshipped Okawaru.
Okawaru was extremely pleased with you.
You were a hulking beast.
You visited 4 branches of the dungeon, and saw 15 of its levels.

You collected 848 gold pieces.

Inventory:

Missiles
 g - a javelin
 B - 57 poisoned darts
 F - a throwing net
Armour
 a - a +0 animal skin (worn)
Jewellery
 l - a ring of poison resistance (left claw)
 E - a ring of willpower (right claw)
Talismans
 c - a beast talisman (active)
 d - a flux talisman
Wands
 s - a wand of charming (17) (quivered)
 z - a wand of roots (24)
 C - a wand of digging (13)
Scrolls
 f - 2 scrolls of fear
 i - 3 scrolls of teleportation
 k - 2 scrolls of brand weapon
 m - a scroll of poison
 p - 5 scrolls of enchant armour
 q - 2 scrolls of vulnerability
 w - 3 scrolls of amnesia
 y - a scroll of blinking
 D - 2 scrolls of fog {unknown}
 G - 2 scrolls of immolation {unknown}
Potions
 b - 3 potions of lignification
 e - a potion of brilliance {unknown}
 h - 2 potions of invisibility {unknown}
 j - 3 potions of heal wounds
 n - 2 potions of might {unknown}
 o - 4 potions of enlightenment
 r - 2 potions of haste
 t - 7 potions of curing
 u - 3 potions of cancellation {unknown}
 v - 3 potions of mutation {unknown}
 x - 2 potions of ambrosia {unknown}
 A - 2 potions of resistance {unknown}


   Skills:
 - Level 9.0 Fighting
 - Level 3.0 Throwing
 - Level 6.0 Dodging
 + Level 11.7 Unarmed Combat
 - Level 3.0 Invocations
 - Level 10.0 Shapeshifting


You had 11 spell levels left.
You didn't know any spells.
Your spell library contained the following spells:

 Spells                   Type           Power      Damage    Failure   Level
 Freeze                   Ice            0%         1d3       45%         1
 Blink                    Tloc           0%         N/A       58%         2
 Lesser Beckoning         Tloc           0%         N/A       58%         2
 Momentum Strike          Conj/Tloc      0%         3d8       58%         2
 Frozen Ramparts          Ice            0%         1d1       83%         3
 Hailstorm                Conj/Ice       0%         3d3       83%         3
 Ignite Poison            Fire/Tmut/Pois 0%         N/A       83%         3
 Stone Arrow              Conj/Erth      0%         3d7       83%         3
 Sticky Flame             Conj/Fire      0%         2d3       99%         4
 Vhi's Electric Charge    Tloc/Air       0%         N/A       99%         4
 Arcjolt                  Conj/Air       0%         1d10      100%        5
 Conjure Ball Lightning   Conj/Air       0%         3x3d6     100%        6
 Orb of Destruction       Conj           0%         9d5       100%        7
 Discord                  Hex            0%         N/A       100%        8
 Disjunction              Tloc           0%         N/A       100%        8
 Ignition                 Fire           0%         3d3       100%        8
 Lehudib's Crystal Spear  Conj/Erth      0%         10d2      100%        8
 Maxwell's Capacitive Co  Air            0%         ∞         100%        8
 Summon Guardian Golem    Hex/Summ       Unusable   N/A       N/A         3
 Animate Armour           Summ/Erth      Unusable   N/A       N/A         4
 Spellforged Servitor     Conj/Summ      Unusable   N/A       N/A         7

Dungeon Overview and Level Annotations

Branches:
Dungeon (11/15)            Temple (1/1) D:4            Lair (1/5) D:10
    Orc (2/2) D:11            Elf (0/3) Orc:2

Altars:
Ashenzari
Cheibriados
Dithmenos
Elyvilon
Fedhas
Gozag
Hepliaklqana
Kikubaaqudgha
Makhleb
Nemelex Xobeh
Okawaru
Qazlal
Ru
Sif Muna
Trog
Uskayaw
Vehumet
Wu Jian
Xom
Yredelemnul
Zin
The Shining One

Annotations:
D:8 3 runed translucent doors


Innate Abilities, Weirdness & Mutations

You are a hulking beast.
Your limbs bulge with bestial killing power. (Slay +4)
You are too large for most types of armour.
You have claws for hands.
Your natural rate of healing is unusually fast.
You are covered in fur. (AC +1)
You have tough skin. (AC +1)


Message History

The orc warlord is almost dead.
The orc warlord closely misses you.
The orc knight roars a battlecry!
The orc warlord goes into a battle-frenzy!
The orc warlord blocks your attack.
You claw the orc warlord!
The orc warlord is almost dead.
The orc knight hits you with a +0 long sword!!
The orc warlord blocks your attack.
The orc warlord is almost dead.
The orc warlord misses you. The orc warlord blocks your attack.
The orc warlord is almost dead.
The orc knight misses you.
You scratch the orc warlord but do no damage.
The orc warlord is almost dead.
The orc warlord roars a battlecry!
The orc knight barely misses you. The orc warlord blocks your attack.
The orc warlord is almost dead.
The orc warlord hits you with a +3 heavy war axe!
The orc knight hits you with a +0 long sword!!
* * * LOW HITPOINT WARNING * * *
The orc warlord blocks your attack.
You claw the orc warlord, but do no damage.
The orc warlord is almost dead.
You claw the orc warlord!
You kill the orc warlord!
Okawaru is honoured by your kill.
The orc knight roars a battlecry!
You scratch the orc knight.
The orc knight is lightly wounded.
You claw the orc knight!
You claw the orc knight, but do no damage.
The orc knight is lightly wounded.
You feel like a meek peon again.
You claw the orc knight! Your claw misses the orc knight.
The orc knight is moderately wounded.
An orc warrior comes into view. It is wielding a +0 battleaxe.
The orc knight hits you with a +0 long sword!!!
You die...

###........######......#
#.#........#.## ##.....#
. #.....[......###.....##
.##.....)<[))...#.......#
..).....###[.........####
..[...### ##.......#..#
....### #..[.....####
.....# ##.......# .....#
###..oh### ....##
##.###o## #####
####....##)##
###.#......)).#
##....#.#[.[..##
##...>.#...[#.##
##.....#..)o####
#..........)).### #
#...............##..


You could see an orc knight (strong) and an orc warrior (strong).

Vanquished Creatures
  2 orc warlords
  3 two-headed ogres
  2 orc knights (Orc:2)
  3 orc sorcerers (Orc:2)
  A manticore (D:11)
  A cyclops (D:11)
  A cane toad (Lair:1)
  A gargoyle (D:10)
  2 trolls
  2 hornets
  12 yaks
  Sigmund (D:2)
  2 wyverns
  2 steam dragons (D:9)
  3 vampire mosquitoes (D:11)
  3 water moccasins
  An acid dragon (D:9)
  A swamp drake (D:11)
  Duvessa (D:7)
  2 sky beasts
  25 orc warriors
  An ice beast (D:6)
  2 black bears
  7 ogres
  3 centaurs
  A wolf (D:10)
  A phantom (D:5)
  4 kobold brigands
  2 bullfrogs
  A gnoll sergeant (D:10)
  Dowan (D:7)
  7 wights
  3 killer bees (D:9)
  2 electric eels (D:10)
  4 howler monkeys
  15 orc priests
  4 gnoll boudas
  8 hounds
  A jelly (D:6)
  5 iguanas
  2 sleepcaps
  16 orc wizards
  23 gnolls
  6 adders
  A shadow imp (D:4)
  A white imp (D:6)
  2 ufetubi
  3 worms (D:2)
  3 dart slugs
  84 orcs
  5 ball pythons
  A bat (D:2)
  5 endoplasms
  4 giant cockroaches
  5 goblins
  6 hobgoblins
  4 jackals
  2 quokkas
  4 frilled lizards
  37 kobolds
  9 rats
366 creatures vanquished.

Notes
Turn   | Place    | Note
-------+----------+-------------------------------------------
     0 | D:1      | Joey1 the Troll Shapeshifter began the quest for the Orb.
     0 | D:1      | Reached XP level 1. HP: 18/18 MP: 0/0
   111 | D:1      | Reached skill level 1 in Fighting
   153 | D:1      | Reached XP level 2. HP: 27/27 MP: 1/1
   668 | D:2      | Reached XP level 3. HP: 33/33 MP: 2/2
   789 | D:2      | Noticed Sigmund
   796 | D:2      | Killed Sigmund
   797 | D:2      | Reached skill level 5 in Unarmed Combat
   797 | D:2      | Reached XP level 4. HP: 38/41 MP: 3/3
   797 | D:2      | Reached XP level 5. HP: 44/48 MP: 4/4
  1325 | D:2      | Found a faded altar of an unknown god.
  2031 | D:3      | Reached XP level 6. HP: 48/55 MP: 5/5
  2121 | D:4      | Reached skill level 6 in Unarmed Combat
  2152 | D:4      | Found a staircase to the Ecumenical Temple.
  2164 | Temple   | Entered the Ecumenical Temple
  2185 | Temple   | Became a worshipper of Warmaster Okawaru
  2582 | D:4      | Reached skill level 7 in Unarmed Combat
  2944 | D:5      | Entered Level 5 of the Dungeon
  2965 | D:5      | Reached XP level 7. HP: 62/62 MP: 6/6
  3367 | D:5      | Reached skill level 8 in Unarmed Combat
  3685 | D:6      | Reached * piety under Okawaru
  3785 | D:6      | Reached skill level 9 in Unarmed Combat
  3843 | D:6      | Reached XP level 8. HP: 27/70 MP: 7/7
  4028 | D:6      | Reached ** piety under Okawaru
  4029 | D:6      | Reached skill level 10 in Unarmed Combat
  4709 | D:7      | Noticed a hornet
  4745 | D:6      | Reached skill level 11 in Unarmed Combat
  4760 | D:6      | Killed a hornet
  4800 | D:7      | Reached XP level 9. HP: 68/83 MP: 8/8
  5071 | D:7      | Reached skill level 1 in Invocations
  5074 | D:7      | Noticed Duvessa
  5076 | D:7      | Noticed Dowan
  5090 | D:7      | Killed Duvessa
  5090 | D:7      | Reached *** piety under Okawaru
  5094 | D:7      | Killed Dowan
  5184 | D:7      | You fall into a shaft and drop 2 floors!
  5211 | D:9      | Reached skill level 5 in Shapeshifting
  5672 | D:9      | Reached **** piety under Okawaru
  5673 | D:9      | Reached XP level 10. HP: 83/94 MP: 11/11
  5677 | D:9      | Reached skill level 5 in Fighting
  5839 | D:9      | Noticed a two-headed ogre
  6472 | D:8      | Found a runed translucent gate.
  6473 | D:8      | Found a runed translucent gate.
  6474 | D:8      | Found a runed translucent gate.
  6477 | D:8      | Noticed a white ugly thing
  6477 | D:8      | Noticed a purple ugly thing
  6477 | D:8      | Noticed a red ugly thing
  6479 | D:8      | Noticed a green ugly thing
  6789 | D:8      | Received a gift from Okawaru
  7547 | D:9      | Killed a two-headed ogre
  7749 | D:10     | Entered Level 10 of the Dungeon
  7820 | D:10     | Found a staircase to the Lair.
  8188 | D:10     | Noticed a two-headed ogre
  8193 | D:10     | Killed a two-headed ogre
  8193 | D:10     | Reached ***** piety under Okawaru
  8287 | D:10     | Noticed a two-headed ogre
  8336 | D:10     | Killed a two-headed ogre
  8337 | D:10     | Reached skill level 5 in Dodging
  8337 | D:10     | Reached XP level 11. HP: 66/111 MP: 12/12
  8501 | D:10     | Found a sacrificial altar of Ru.
  8601 | Lair:1   | Entered Level 1 of the Lair of Beasts
  8601 | Lair:1   | Noticed a death yak
  8603 | Lair:1   | Noticed a death yak
  8607 | Lair:1   | Noticed a death yak
  8859 | D:11     | Received a gift from Okawaru
  9044 | D:11     | Found a staircase to the Orcish Mines.
  9742 | Orc:1    | Entered Level 1 of the Orcish Mines
  9907 | Orc:2    | Entered Level 2 of the Orcish Mines
 10045 | Orc:2    | Received a gift from Okawaru
 10130 | Orc:2    | Found a staircase to the Elven Halls.
 10146 | Orc:2    | Noticed an orc warlord
 10184 | Orc:1    | Killed an orc warlord
 10239 | Orc:2    | Reached skill level 10 in Shapeshifting
 10250 | Orc:2    | Reached skill level 1 in Throwing
 10284 | Orc:2    | Received a gift from Okawaru
 10288 | Orc:2    | Noticed an orc knight
 10304 | Orc:2    | Killed an orc knight
 10311 | Orc:2    | Noticed an orc sorcerer
 10468 | Orc:2    | Killed an orc sorcerer
 10490 | Orc:2    | Noticed an orc sorcerer
 10514 | Orc:2    | Paralysed by an orc sorcerer for 4 turns
 10521 | Orc:2    | Killed an orc sorcerer
 10522 | Orc:2    | Reached XP level 12. HP: 20/122 MP: 13/13
 10827 | Orc:2    | Paralysed by an orc sorcerer for 4 turns
 11005 | Orc:2    | Noticed an orc warlord
 11038 | Orc:2    | Killed an orc warlord
 11041 | Orc:2    | Mangled by an orc knight

Illustrated notes

Levels and vault maps discovered:
D:1:      minmay_arrival_arboretum_small, layout_basic, hangedman_decor_riveting
D:2:      minmay_wonky_spiral, layout_basic,
          hellmonk_ecumenical_altar_inner_sanctum, serial_bayou_lagoon_a,
          uniq_sigmund
D:3:      layout_rooms, patterned_corridor
D:4:      layout_gridville, temple_green, kennysheep_another_room
D:5:      layout_loops_ring
D:6:      kennysheep_kobold_camp, layout_basic, serial_bayou_pond_d
D:7:      layout_loops_ring, serial_bayou_pond_a, uniq_duvessa
D:8:      layout_basic, ploomutoo_gammafunk_ghost_potion_laboratory,
          minmay_stone_trees_small, lightli_orcish_oven
D:9:      layout_loops_corners
D:10:     layout_irregular_city, nicolae_ru_the_path_less_chosen,
          erik_lair_island
D:11:     layout_loops_cross, erik_orc_1
Temple:   mainiacjoe_temple_circle_huts
Lair:1:   layout_regular_city, serial_forest, infiniplex_forest_clump_curved,
          infiniplex_forest_lined_corner, infiniplex_forest_clump_cross,
          infiniplex_forest_lined_ring, infiniplex_forest_zigzag_2,
          infiniplex_forest_clump_medium, lemuel_fruit_fields
Orc:1:    layout_caves, nicolae_volcano_entry_s_turn
Orc:2:    grunt_orc_community_town_hall, layout_diamond_mine,
          grunt_orc_community_big_house_1, grunt_orc_community_big_house_1,
          grunt_orc_community_house_3, grunt_orc_community_house_2,
          grunt_orc_community_house_2, grunt_orc_community_house_2,
          grunt_orc_community_house_1, uniq_urug, uniq_erolcha

Skill      XL: |  1  2  3  4  5  6  7  8  9 10 11 12 |
---------------+-------------------------------------+-----
Fighting       | 1 3 4 8 9 |  9.0
Dodging        | 2 5 6 |  6.0
Unarmed Combat | 5 7 9 11 | 11.7
Shapeshifting  | 4 7 10 | 10.0
Invocations    | 3 |  3.0
Throwing       | 3 |  3.0

Action                     |  1- 3 |  4- 6 |  7- 9 | 10-12 || total
---------------------------+-------+-------+-------+-------++-------
  Melee: Unarmed           |    44 |   143 |   272 |   500 ||   959
         Punch             |       |     2 |     9 |    31 ||    42
 Invoke: Heroism           |       |       |       |     4 ||     4
         Finesse           |       |       |       |     1 ||     1
    Use: Scroll            |       |       |       |    11 ||    11
   Stab: Sleeping          |       |     1 |       |       ||     1
         Confused          |       |       |       |     1 ||     1
 Armour: Animal skin       |    22 |    76 |   174 |   314 ||   586
  Dodge: Dodged            |    18 |    49 |    96 |   195 ||   358

Table legend: (Time is in decaauts)
 A = Elapsed time spent in this place.
 B = Non-inter-level travel time spent in this place.
 C = Inter-level travel time spent in this place.
 D = Time resting spent in this place.
 E = Time spent auto-exploring this place.
 F = Levels seen in this place.
 G = Mean time per level.
                   A        B        C        D        E       F      G
               +--------+--------+--------+--------+--------+-----+--------+
         Total |  10870 |  10372 |    498 |   1055 |   6596 |  15 |  724.7 |
       Dungeon |   9647 |   9206 |    441 |    595 |   6543 |  11 |  877.0 |
        Temple |     42 |      2 |     40 |      0 |      0 |   1 |   42.0 |
          Lair |      6 |      6 |      0 |      0 |      0 |   1 |    6.0 |
  Orcish Mines |   1174 |   1157 |     17 |    460 |     53 |   2 |  587.0 |
               +--------+--------+--------+--------+--------+-----+--------+

Top non-repeatable levels by time:
     D:9: 1242 daAuts
     D:6: 1198 daAuts
    D:11: 1143 daAuts
     D:8: 953 daAuts
     D:2: 939 daAuts
   Orc:2: 904 daAuts
    D:10: 847 daAuts
     D:7: 835 daAuts
     D:4: 825 daAuts
     D:3: 608 daAuts
     D:5: 545 daAuts
     D:1: 508 daAuts
   Orc:1: 269 daAuts
  Temple: 42 daAuts
  Lair:1: 6 daAuts
